 Dungeon Crawl Stone Soup version 0.28.0-1-gb440e238dd (webtiles) character file.

Game seed: 7545227880208386150

479 zcampers the Chopper (level 6, 0/56 HPs)
             Began as a Minotaur Berserker on Feb 27, 2022.
             Was a Believer of Trog.
             Succumbed to an adder's poison
             ... on level 5 of the Dungeon.
             The game lasted 00:05:25 (4108 turns).

zcampers the Chopper (Minotaur Berserker)           Turns: 4108, Time: 00:05:26

Health: 0/56       AC:  8    Str: 23 (24) XL:     6   Next: 86%
Magic:  5/5        EV: 11    Int:  4      God:    Trog [**....]
Gold:   254        SH:  0    Dex:  7      Spells: 5/5 levels left

rFire   . . .      SeeInvis .   a - +0 hand axe
rCold   . . .      Faith    .   (no shield)
rNeg    . . .      Spirit   .   g - +1 ring mail
rPois   .          Reflect  .   (helmet restricted)
rElec   .          Harm     .   o - +0 cloak
rCorr   .          Rampage  .   (no gloves)
Will    .....                   (no boots)
Stlth   +.........              (no amulet)
HPRegen 0.18/turn               (no ring)
MPRegen 0.09/turn               (no ring)

@: lethally poisoned (0 -> -4), on berserk cooldown, slowed, very slow
A: horns 2, retaliatory headbutt, clumsy 1, deterioration 1
a: Renounce Religion, Berserk, Trog's Hand


You were on level 5 of the Dungeon.
You worshipped Trog.
Trog was pleased with you.
You visited 1 branch of the dungeon, and saw 5 of its levels.

You collected 254 gold pieces.

Inventory:

Hand Weapons
 a - a +0 hand axe (weapon)
Missiles
 k - 3 boomerangs
 l - 7 poisoned darts
Armour
 g - a +1 ring mail (worn)
 o - a +0 cloak (worn)
Wands
 m - a wand of mindburst (19) (quivered)
Scrolls
 b - 2 scrolls of enchant armour
 c - a scroll of fog
 d - a scroll of magic mapping
 e - a scroll of vulnerability {unknown}
Potions
 f - 2 potions of curing
 h - a potion of haste


   Skills:
 + Level 5.2 Fighting
 + Level 6.1 Axes
 + Level 0.2 Throwing
 + Level 5.5 Armour
 + Level 3.2 Dodging
 + Level 0.8 Stealth


You had 5 spell levels left.
You didn't know any spells.
Your spell library was empty.

Dungeon Overview and Level Annotations

Branches:
Dungeon (5/15)
 Temple: D:4-7

Altars:
Yredelemnul

Annotations:
D:5 Sigmund


Innate Abilities, Weirdness & Mutations

You have a pair of horns on your head.
You reflexively headbutt those who attack you in melee.
You are clumsy. (Dex -2)
Your body sometimes deteriorates upon taking damage.


Message History

You barely miss the adder. The adder bites you but does no damage.
Your skin crawls.
You feel strong-willed. Something hits you but does no damage.
The adder bites you.
You are poisoned.
The adder poisons you!
You completely miss the adder. You headbutt the adder.
The adder is moderately wounded.
You feel sick. The adder bites you but does no damage. Something hits you.
The adder bites you.
You are more poisoned.
The adder poisons you!
You miss the adder.
The adder is lightly wounded.
You feel the effects of Trog's Hand fading.
You feel very sick. The adder barely misses you.
You closely miss the adder.
The adder is lightly wounded.
You feel sick. Something hits you! The adder bites you but does no damage.
A red film seems to cover your vision as you go berserk!
You feel yourself moving faster!
You feel mighty!
You feel sick. The adder barely misses you. You furiously retaliate!
You headbutt the adder!
You kill the adder!
Trog accepts your kill. Something hits you but does no damage.
You feel a strong urge to attack something.
You feel sick.
You feel sick. Something hits you!
* * * LOW HITPOINT WARNING * * *
You feel your anger nearly subside.
You feel sick.
You are no longer berserk.
You are exhausted.
You feel yourself slow down. Something hits you!
* * * LOW HITPOINT WARNING * * *
Your body deteriorates!
You feel weakened.
You hit something. Your headbutt misses something.
Your skin stops crawling.
You feel less strong-willed.
You die...

#.####.#.####
#.#....#.#
#.#.####.#
#......#.#
#....#.#.#
#.####.#.# #^#
#.#.#
.###.##.####.#..
........@....#
.###.###{#####
...# #####


There were no monsters in sight!

Vanquished Creatures
  A black bear (D:4)
  A scorpion (D:4)
  A bullfrog zombie (D:3)
  Crazy Yiuf (D:4)
  2 centaur skeletons (D:4)
  A scorpion zombie (D:5)
  2 iguanas
  A hound skeleton (D:3)
  Robin (D:2)
  3 adders
  An adder skeleton (D:4)
  A worm (D:2)
  2 dart slugs
  9 orcs
  5 endoplasms
  A giant cockroach (D:4)
  12 goblins
  9 hobgoblins
  8 jackals
  5 kobolds
  4 quokkas
  2 ball pythons
  A bat (D:1)
  2 frilled lizards (D:3)
  11 rats
87 creatures vanquished.

Notes
Turn   | Place    | Note
-------+----------+-------------------------------------------
     0 | D:1      | zcampers the Minotaur Berserker began the quest for the
                  | Orb.
     0 | D:1      | Reached XP level 1. HP: 19/19 MP: 0/0
   536 | D:1      | Reached XP level 2. HP: 19/27 MP: 1/1
   718 | D:1      | Reached skill level 4 in Axes
  1317 | D:2      | Noticed Robin
  1320 | D:2      | Reached XP level 3. HP: 25/33 MP: 2/2
  1323 | D:2      | Reached ** piety under Trog
  1333 | D:2      | Killed Robin
  1652 | D:2      | Found a faded altar of an unknown god.
  1659 | D:2      | Reached XP level 4. HP: 38/40 MP: 3/3
  2422 | D:3      | Reached skill level 5 in Axes
  2888 | D:3      | Gained mutation: You are clumsy. (Dex -2) [potion of
                  | mutation]
  2888 | D:3      | Gained mutation: Your body sometimes deteriorates upon
                  | taking damage. [potion of mutation]
  3038 | D:4      | Reached XP level 5. HP: 43/47 MP: 4/4
  3109 | D:4      | Noticed a black bear
  3113 | D:4      | Killed a black bear
  3135 | D:4      | Reached skill level 5 in Fighting
  3135 | D:4      | Reached XP level 6. HP: 48/56 MP: 5/5
  3457 | D:4      | Reached skill level 6 in Axes
  3747 | D:4      | Found a runed translucent door.
  3748 | D:4      | Noticed Crazy Yiuf
  3753 | D:4      | Killed Crazy Yiuf
  3754 | D:4      | Reached skill level 5 in Armour
  3853 | D:5      | Entered Level 5 of the Dungeon
  3936 | D:5      | Found a basalt altar of Yredelemnul.
  4094 | D:5      | Noticed Sigmund
  4107 | D:5      | HP: 1/56 [something (9)]
  4108 | D:5      | Succumbed to an adder's poison

Illustrated notes

Levels and vault maps discovered:
D:1:      dpeg_arrival_rooms_a, layout_loops_cross
D:2:      layout_basic, ebering_ecumenical_altar_hall, uniq_robin
D:3:      layout_basic
D:4:      layout_cave_pools, serial_park, serial_park_tiny_pond,
          serial_park_paths [serial_park_minivault_5x5_8], serial_park_square1
          [serial_park_minivault_5x5_2], serial_park_square3
          [serial_park_minivault_5x5_7], serial_park_square2,
          uniq_crazy_yiuf_cottage
D:5:      layout_basic, gammafunk_temple_overflow_claw,
          yredelemnul_altar_generic, minmay_temple_entry_mini_moons,
          hangedman_decor_clover_reticule, uniq_sigmund

Skill      XL: |  1  2  3  4  5  6 |
---------------+-------------------+-----
Axes           | 4 5 6 |  6.1
Fighting       | 4 5 |  5.2
Armour         | 3 4 5 |  5.5
Dodging        | 3 |  3.2
Throwing       | |  0.2
Stealth        | |  0.8

Action                   |  1- 3 |  4- 6 || total
-------------------------+-------+-------++-------
Melee: Hand axe          |    85 |   115 ||   200
       Headbutt          |     6 |    26 ||    32
       Punch             |       |     1 ||     1
Throw: Boomerang         |       |     1 ||     1
       Dart              |       |     3 ||     3
Invok: Berserk           |     1 |     2 ||     3
       Trog's Hand       |       |     1 ||     1
Evoke: Wand              |       |     1 ||     1
  Use: Scroll            |     4 |     4 ||     8
       Potion            |       |     5 ||     5
Armor: Animal skin       |     9 |       ||     9
       Ring mail         |    27 |    55 ||    82
Dodge: Dodged            |    45 |    77 ||   122
